Unix NetHack Version 5.0.0-0 post-release - last build Jul 19 2026 19:10:59 (3aa4ab31751d3886436d94b585a96704892fd477,branch:main).

Game began 2026-07-16 15:26:51, ended 2026-07-21 01:41:37.

HumaRuntu, neutral female human Monk

                               --------
 ----------------              |......-#          --....*   --|----
 ||....>(.....|.|  $           |......|########@##......2   |..p..|
 |.%..||(.....((|             #/...).)| 0    * u##|...p.##  |*....|    -----
 |......|....%.||             )|[<{a..-#    0  #  -|....####.....?|   #....|
 |..............|             #|......|#    ####   # #####  ----.--   #|...|
 ----------.-----            ##--------#    #        *##*0 *    #     #|^..|
        ##)#                 #        ##    #        ######   ###     #|...|
     ---.-                   #     * ##     #         *0#########     #-|---
     |...|                  ##      *# * *  #             ##--.-.--.  # #
     |....                 ##        #   0 ?#               |......| ## #
  ----...|  -------------- #        ##     ##               |.......##  #
  |......|  |............| # $      #------#            $ * |......|    #
  |......|  |............-##  *     #|..(.-#     ----       |`..{.`|    #
  |......|  |............|     $    #|....|      |..|       -|-|----   -.---
  |...---- #-............|    $     #.....|      |..|        # #       |...|
  |]..-#####|............|           ------      ----                  |...|
  |...|     --------------                                             |...|
  -----                                                                -+---

HumaRuntu the Student of Stones  St:18 Dx:16 Co:17 In:10 Wi:16 Ch:12  Neutral
Dlvl:13 $:9826 HP:0(70) Pw:25(69) AC:5  Xp:11 T:15705  Burdened

Latest messages:
 There is a doorway here.
 You see here a gecko corpse.
 Your soldier ant eats a gecko corpse.
 The black naga spits venom!
 The splash of venom hits the soldier ant!
 The acid burns the soldier ant!
 The black naga spits venom!
 The splash of venom misses the soldier ant.
 You are hit by a splash of venom!
 It burns!
 The black naga spits venom!
 The splash of venom misses the soldier ant.
 You are hit by a splash of venom!
 It burns!
 You don't find anything here to loot.
 The black naga spits venom!
 You are hit by a splash of venom!
 It burns!
 Pick a monster, object or location.
 N        a naga (black naga)
 What do you want to zap? [uxCEJO or ?*]
 In what direction?
 You materialize in a different location!
 You hear crashing rock.
 You stop searching.
 Pick a monster, object or location.
 C        a centaur (mountain centaur)
 What do you want to zap? [uxCEJO or ?*]
 That is a silly thing to zap.
 What do you want to zap? [uxCEJO or ?*]
 Nothing happens.
 The mountain centaur shoots a crossbow bolt!
 A crossbow bolt misses you.
 The mountain centaur shoots a crossbow bolt!
 You are hit by a crossbow bolt.
 You hear crashing rock.
 A rock piercer suddenly drops from the ceiling!
 Its blow glances off your helm.
 The white unicorn butts!
 The white unicorn kicks!
 The white unicorn butts!
 The white unicorn kicks!
 The white unicorn butts!
 The white unicorn kicks!
 You die...
 Do you want your possessions identified? [ynq] (y)
 Do you want to see your attributes? [ynq] (y)
 Do you want an account of creatures vanquished? [ynaq] (y)
 Do you want to see your conduct and achievements? [ynq] (y)
 Do you want to see the dungeon overview? [ynq] (y)

Inventory:
 Coins    ('$')
  $ - 9826 gold pieces
 Amulets  ('"')
  f - an uncursed amulet of ESP
  w - an uncursed amulet of reflection named Reflection (being worn)
 Weapons  (')')
  S - a blessed +0 crossbow
 Armor    ('[')
  m - an uncursed rusty +0 orcish helm (being worn)
  a - an uncursed rotted +2 pair of leather gloves (being worn)
  o - an uncursed burnt +0 pair of speed boots (being worn)
  B - an uncursed +0 cloak of displacement
  b - an uncursed +1 robe (being worn)
 Comestibles  ('%')
  V - an uncursed clove of garlic
  e - an uncursed food ration
  U - a cursed sprig of wolfsbane
  H - an uncursed lizard corpse
 Scrolls  ('?')
  r - an uncursed scroll of amnesia
  y - a cursed scroll of blank paper
  q - a cursed scroll of create monster
  N - 2 uncursed scrolls of destroy armor
  z - 2 uncursed scrolls of earth
  L - 2 uncursed scrolls of fire
 Spellbooks  ('+')
  Z - an uncursed spellbook of confuse monster
  s - an uncursed spellbook of levitation
  i - a blessed spellbook of protection
 Potions  ('!')
  F - an uncursed potion of acid
  A - a cursed potion of blindness
  D - 2 uncursed potions of full healing
  R - a cursed potion of full healing
  v - an uncursed potion of gain ability
  p - an uncursed potion of gain energy
  W - 3 uncursed potions of gain level
  M - an uncursed potion of object detection
  c - an uncursed potion of oil
  k - 2 uncursed potions of sleeping
  I - an uncursed potion of water
 Rings    ('=')
  Y - an uncursed ring of cold resistance (on right hand)
  l - an uncursed ring of fire resistance (on left hand)
  n - a cursed ring of hunger named cursed
  t - a cursed +0 ring of protection named cursed
 Wands    ('/')
  O - a cursed wand of nothing (0:2)
  x - a wand of sleep named sleep or death (0:0)
  u - a wand of slow monster (0:8)
  C - a wand of speed monster named haste monster (0:3)
  E - a wand of teleportation (0:4)
  J - a wand of teleportation (0:0)
 Tools    ('(')
  T - a can of grease (0:9)
  X - an uncursed leash
  Q - an uncursed lock pick
  j - a magic marker (0:6)
  P - an uncursed magic whistle
  d - an uncursed oil lamp
  K - a +0 unicorn horn
 Gems/Stones  ('*')
  h - an uncursed luckstone

HumaRuntu the Monk's attributes:

Background:
 You were a Student of Stones, a level 11 female human Monk.
 You were neutral, on a mission for Chih Sung-tzu
 who was opposed by Shan Lai Ching (lawful) and Huan Ti (chaotic).
 You were right-handed.
 You were in the Dungeons of Doom, on level 13.
 You entered the dungeon 15705 turns ago.
 It was nighttime.
 You had 10258 experience points, 9742 more were needed to attain level 12.

Basics:
 You had 0 out of 70 hit points.
 You had 25 out of 69 energy points (spell power).
 Your armor class was 5.
 Your wallet contained 9826 zorkmids.
 Autopickup was on for '$?!/="+' plus thrown.

Final Characteristics:
 Your strength was 18 (limit:18/100).
 Your dexterity was 16 (limit:18).
 Your constitution was 17 (limit:18).
 Your intelligence was 10 (limit:18).
 Your wisdom was 16 (limit:18).
 Your charisma was 12 (limit:18).

Final Status:
 You weren't hungry.
 You were burdened; movement was slightly slowed.
 You were empty handed.
 You had master skill with martial arts.

Final Attributes:
 You were piously aligned.
 You were fire resistant.
 Your items were protected from fire.
 You were cold resistant.
 Your items were protected from cold.
 You were sleep resistant.
 You were poison resistant.
 You saw invisible.
 You were warned.
 You had automatic searching.
 You were stealthy.
 You were guarded.
 Your spell casting was enhanced by wearing a robe.
 You were very fast.
 You had reflection.
 You were lucky.
 You had extra luck.
 Bad luck did not time out for you.
 Good luck did not time out for you.
 You are dead.

Miscellaneous:
 You encountered 1 bones level.
 Total elapsed playing time was 7 hours, 15 minutes and 12 seconds.

Major events:
 Turn
    1: HumaRuntu the neutral female human Monk entered the dungeon
  795: attained the rank of Novice (level 3)
 1028: entered the Gnomish Mines
 1349: attained the rank of Initiate (level 6)
 1392: reached Mine Town
 5127: acquired the Mines' End luckstone
 9002: attained the rank of Student of Stones (level 10)
 9785: entered Sokoban
10050: completed 1st Sokoban level
10385: completed 2nd Sokoban level
10772: completed 3rd Sokoban level
11653: completed 4th Sokoban level
12129: acquired the Sokoban amulet of reflection
13783: entered Home 1, the Quest
15705: killed by a white unicorn

Spells:
 Name                 Level Category     Fail Retention
 protection             1   clerical       0%   51%-60%
 confuse monster        1   enchantment    0%   26%-50%
 dig                    5   matter        92%   51%-75%
 levitation             4   escape        92%   51%-75%

Skills:
 Fighting Skills
   martial arts       [Master]
 Weapon Skills
   quarterstaff       [Unskilled]
   spear              [Unskilled]
   crossbow           [Basic]
   shuriken           [Basic]
 Spellcasting Skills
   attack spells      [Unskilled]
   healing spells     [Basic]
   divination spells  [Unskilled]
   enchantment spells [Unskilled]
   clerical spells    [Basic]
   escape spells      [Unskilled]
   matter spells      [Unskilled]

Voluntary challenges:
 Character rerolling was not enabled.
 You never genocided any monsters.
 You never polymorphed an object.
 You never changed form.
 You used no wishes.
 You did not violate any of the special Sokoban rules.
Achievements:
 You attained the rank of Novice.
 You entered the Gnomish Mines.
 You attained the rank of Initiate.
 You entered Minetown.
 You entered a shop.
 You entered a temple.
 You completed the Gnomish Mines.
 You attained the rank of Student of Stones.
 You entered Sokoban.
 You completed Sokoban.

 The Dungeons of Doom: levels 1 to 14
    Level 1:
       A fountain.
    Level 2:
       Some fountains.
    Level 3:
       An altar.
       Stairs down to The Gnomish Mines.
    Level 4:
       Many fountains.
    Level 5:
       A weapon shop, some fountains.
    Level 6:
       Many fountains.
       Oracle of Delphi.
    Level 7:
       Stairs up to Sokoban, level 6.
    Level 8:
       A potion shop, a fountain.
    Level 9:
       Some fountains.
    Level 10:
       A fountain.
    Level 11:
       A fountain.
    Level 12: "Quest portal + Throne"
       Summoned by the Grand Master.
       Portal to The Quest.
    Level 13: <- You were here.
       Some fountains, many graves.
       Final resting place for
          you, killed by a white unicorn.
    Level 14:
       Final resting place for
          ksw-Val-Hum-Fem-Law, killed by a winged gargoyle.
 The Gnomish Mines: levels 4 to 12
    Level 4:
    Level 5:
    Level 6:
       Many shops, a temple and an altar to Chih Sung-tzu, some fountains.
    Level 7:
    Level 8:
    Level 9:
    Level 10:
    Level 11:
    Level 12:
       A fountain.
 The Quest:
    Level 1:
       Many trees.
       Home.
 Sokoban: levels 6 up to 3
    Level 3:
       Solved.
    Level 4:
       Solved.
    Level 5:
       Solved.
    Level 6:
       Solved.


Vanquished creatures:
  a vampire leader
  a vampire
  6 ghosts
  2 giant mimics
  a long worm
  a flesh golem
 an elven monarch
  a couatl
  3 stalkers
  a water elemental
  a giant mummy
  a black naga
  a giant zombie
  a warg
  2 warhorses
  a xan
  a troll
  a gelatinous cube
  2 pyrolisks
  3 large dogs
  a flaming sphere
  a large cat
  2 gargoyles
  2 tengu
 an ochre jelly
 an energy vortex
  2 elf mummies
  a human mummy
  a red naga
  a pit viper
  a cobra
 12 wraiths
  a carnivorous ape
  3 ettin zombies
  a leather golem
  3 soldiers
  a watchman
  3 chameleons
  2 giant beetles
  3 quivering blobs
  4 cockatrices
  3 wolves
  2 lynxes
  5 leprechauns
  2 orc-captains
 an iron piercer
  a mumak
  2 giant spiders
  2 scorpions
  2 horses
  2 ice vortices
  2 black lights
  a vampire bat
  6 gnome rulers
  2 orc mummies
  a brown pudding
  4 rust monsters
  5 owlbears
  2 yetis
  a gold golem
  2 Green-elves
  5 lizards
  4 chickatrices
  2 dingoes
  2 dogs
  2 jaguars
  a dwarf leader
  4 white unicorns
  4 plains centaurs
  3 snakes
 an ape
  5 human zombies
  3 Woodland-elves
  5 soldier ants
  a fire ant
  7 bugbears
 an imp
  a quasit
  4 wood nymphs
  2 water nymphs
  a mountain nymph
 22 Mordor orcs
  5 Uruk-hai
  3 orc shamans
  2 rock piercers
  3 rock moles
  2 ponies
  a fog cloud
  4 yellow lights
  2 violet fungi
 21 gnome leaders
  7 gnomish wizards
  2 kobold mummies
  2 black naga hatchlings
  2 golden naga hatchlings
  a gray ooze
  a barrow wight
  3 elf zombies
  3 ghouls
  a straw golem
  2 paper golems
  a giant ant
  3 floating eyes
 21 dwarves
  5 homunculi
  2 kobold leaders
  a kobold shaman
 10 hill orcs
  a rothe
  a centipede
  a giant bat
  8 orc zombies
  3 dwarf zombies
  2 werejackals
  9 iguanas
 15 acid blobs
  4 gas spores
  6 hobbits
  5 manes
  2 large kobolds
 13 hobgoblins
  3 giant rats
  4 cave spiders
  2 brown molds
  5 yellow molds
  a green mold
  a red mold
 71 gnomes
  2 gnome zombies
 10 geckos
 14 jackals
  2 foxes
  3 kobolds
  5 goblins
  4 sewer rats
 15 grid bugs
  2 bats
  5 lichens
  5 kobold zombies
  8 newts
549 creatures vanquished.

No species were genocided or became extinct.

Game over:
                       ----------
                      /          \
                     /    REST    \
                    /      IN      \
                   /     PEACE      \
                  /                  \
                  |    HumaRuntu     |
                  |     9826 Au      |
                  |   killed by a    |
                  |  white unicorn   |
                  |                  |
                  |                  |
                  |       2026       |
                 *|     *  *  *      | *
        _________)/\\_//(\/(/\)/\//\/|_)_______

Goodbye HumaRuntu the Monk...

You died in The Dungeons of Doom on dungeon level 13 with 69560 points,
and 9826 pieces of gold, after 15705 moves.
You were level 11 with a maximum of 70 hit points when you died.

